 Dungeon Crawl Stone Soup version 0.30.1-11-g7821555f0a (webtiles) character file.

Game seed: 1255789405104322435

1908 sizableburger the Grappler (level 8, -5/74 HPs)
             Began as a Minotaur Monk on Oct 29, 2023.
             Killed from afar by an acid dragon (26 damage)
             ... with a splash of acid
             ... on level 6 of the Dungeon.
             The game lasted 00:07:49 (6102 turns).

sizableburger the Grappler (Minotaur Monk)          Turns: 6102, Time: 00:07:50

Health: -5/74      AC:  8    Str: 17    XL:     8   Next: 94%
Magic:  7/7        EV:  9    Int:  7    God:
Gold:   371        SH:  0    Dex: 14    Spells: 7/7 levels left

rFire   . .          .
                       - Unarmed
rCold   . . .        c - orb {light}
rNeg    . . .        i - +0 chain mail
rPois   .            (helmet restricted)
rElec   .            p - +0 cloak
rCorr   .            j - +0 pair of gloves
SInv    .            g - +0 pair of boots
Will    .....        (no amulet) Stlth
                     (no ring)
HPRegen 0.32/turn    (no ring)
MPRegen 0.10/turn

%: no passive effects
@: corroded, glowing
A: horns 2, retaliatory headbutt, iridescent scales 1, mutation resistance 1
a: no special abilities


You were on level 6 of the Dungeon.
You visited 2 branches of the dungeon, and saw 7 of its levels.

You collected 371 gold pieces.

Inventory:

Armour
 c - an orb of light (worn)
 g - a +0 pair of boots (worn)
 i - a +0 chain mail (worn)
 j - a +0 pair of gloves (worn)
 p - a +0 cloak (worn)
Wands
 m - a wand of roots (6)
 n - a wand of mindburst (14)
 v - a wand of flame (18)
Scrolls
 e - a scroll of butterflies
 h - a scroll of teleportation
 l - a scroll of immolation {unknown}
 o - a scroll of magic mapping
Potions
 a - 3 potions of curing
 b - a potion of ambrosia
 f - 3 potions of flight
 k - 2 potions of lignification
 q - a potion of cancellation {unknown}
 s - a potion of berserk rage {unknown}


   Skills:
 + Level 7.8 Fighting
 + Level 6.6 Armour
 - Level 4.0 Dodging
 * Level 9.4 Unarmed Combat


You had 7 spell levels left.
You didn't know any spells.
Your spell library contained the following spells:

 Spells                   Type           Power      Damage    Failure   Level
 Summon Ice Beast         Ice/Summ       0%         N/A       100%        4
 Summon Mana Viper        Hex/Summ       0%         N/A       100%        5
 Monstrous Menagerie      Summ           0%         N/A       100%        7


Dungeon Overview and Level Annotations

Branches:
Dungeon (6/15)             Temple (1/1) D:6

Altars:
Ashenzari
Cheibriados
Dithmenos
Fedhas
Gozag
Okawaru
Qazlal
Ru
Sif Muna
Trog
Uskayaw
Vehumet
Wu Jian
Xom
Zin

Shops:
D:3 [   D:6 *:[


Innate Abilities, Weirdness & Mutations

You have a pair of horns on your head.
You reflexively headbutt those who attack you in melee.
You are partially covered in iridescent scales. (AC +2)
You are somewhat resistant to further mutation.


Message History

You are too injured to fight recklessly!
You are too injured to fight recklessly!
You are too injured to fight recklessly!
You are too injured to fight recklessly!
You are too injured to fight recklessly!
You are too injured to fight recklessly!
You are too injured to fight recklessly!
Unknown command.
Okay, then.
Aiming: Fastroot
Press: ? - help, Shift-Dir - straight line, f - acid dragon
Aim: an acid dragon (haloed)
The roots erupt in riotous growth!
Roots grab the acid dragon.
Roots grab the ogre.
The grasping roots constrict the acid dragon.
The grasping roots constrict the ogre.
The ogre hits you with a +0 giant spiked club.
The acid dragon struggles to escape constriction.
Unknown command.
You feel much better.
The grasping roots constrict the acid dragon.
The grasping roots constrict the ogre!
The roots release their grip on the ogre.
The acid dragon escapes!
Okay, then.
The ogre attacks as you move away!
The ogre hits you with a +0 giant spiked club!!
* * * LOW HITPOINT WARNING * * *
The ufetubus barely misses you. The ufetubus hits you.
* * * LOW HITPOINT WARNING * * *
There is a large open door here.
The acid dragon attacks as you move away!
The acid dragon closely misses you. You furiously retaliate!
You headbutt the acid dragon, but do no damage.
The acid dragon claws you but does no damage.
Okay, then.
The ufetubus hits you but does no damage. x2
The acid dragon spits acid at you. The splash of acid hits you!!
You die...

## #####.## ##...##
##.# .# #.# ##'## ##.
.## #.# #.# ##
..#######.# #.# #
#.........# ##.## #
###....##.########
##...## #
..###...#........#
#.....########
......#.########.#
##..........##
>..##...#
#@#####.#.#.##..##
...#..###
#5...†......).....
..##.##
####OD#####.#.##..##
#.#..#
#...D....##.#.....#
#.#.##
#...D......######.##
....#
#............##....#
.#.##
#..............######
...# #...............
#### ................


You could see 2 acid dragons, an ogre and an ufetubus.

Vanquished Creatures
  A vampire (D:5)
  3 water moccasins
  A black bear (D:5)
  A sky beast (D:6)
  A phantom (D:5)
  Blork the orc (D:5)
  3 scorpions
  5 orc priests
  2 jellies
  4 hounds
  3 sleepcaps
  Terence (D:2)
  6 iguanas (D:5)
  4 orc wizards
  Robin (D:2)
  A gnoll (D:5)
  8 adders
  3 white imps (D:5)
  3 ufetubi
  2 dart slugs
  3 worms
  17 orcs
  5 endoplasms
  A giant cockroach (D:2)
  13 goblins
  6 hobgoblins
  2 jackals (D:3)
  5 quokkas
  7 ball pythons
  9 bats
  3 frilled lizards
  10 kobolds
  2 rats
137 creatures vanquished.

Notes
Turn   | Place    | Note
-------+----------+-------------------------------------------
     0 | D:1      | sizableburger the Minotaur Monk began the quest for the
                  | Orb.
     0 | D:1      | Reached XP level 1. HP: 19/19 MP: 0/0
   178 | D:1      | Found a faded altar of an unknown god.
   196 | D:1      | Reached XP level 2. HP: 27/27 MP: 1/1
   203 | D:1      | Reached skill level 1 in Armour
   870 | D:2      | Reached XP level 3. HP: 30/33 MP: 2/2
   905 | D:2      | Noticed Robin
   912 | D:2      | Killed Robin
  1009 | D:2      | Reached skill level 4 in Unarmed Combat
  1304 | D:2      | Noticed Terence
  1315 | D:2      | Killed Terence
  1316 | D:2      | Reached XP level 4. HP: 19/41 MP: 3/3
  2024 | D:3      | Found Gewiruom's Antique Armour Shop.
  2065 | D:3      | Reached XP level 5. HP: 47/47 MP: 4/4
  2378 | D:3      | Found a glowing silver altar of Zin.
  2692 | D:4      | Reached skill level 5 in Fighting
  2692 | D:4      | Reached skill level 5 in Unarmed Combat
  2775 | D:4      | Found a shadowy altar of Dithmenos.
  2955 | D:4      | Reached XP level 6. HP: 34/56 MP: 5/5
  3095 | D:4      | Found a shimmering altar of Xom.
  3272 | D:4      | Found an ornate altar of the Wu Jian Council.
  3294 | D:4      | Found a bloodstained altar of Trog.
  3581 | D:4      | Reached skill level 6 in Unarmed Combat
  4050 | D:5      | Entered Level 5 of the Dungeon
  4215 | D:5      | Reached XP level 7. HP: 60/62 MP: 6/6
  4607 | D:5      | Noticed Blork the orc
  4617 | D:5      | Killed Blork the orc
  4618 | D:5      | Reached skill level 7 in Unarmed Combat
  4654 | D:5      | Found a broken altar of Ashenzari.
  4670 | D:5      | Noticed a vampire
  4681 | D:5      | Gained mutation: You are partially covered in iridescent
                  | scales. (AC +2) [potion of mutation]
  4681 | D:5      | Gained mutation: You are somewhat resistant to further
                  | mutation. [potion of mutation]
  4687 | D:5      | Killed a vampire
  4820 | D:5      | Reached skill level 5 in Armour
  5006 | D:5      | Reached XP level 8. HP: 60/71 MP: 7/7
  5518 | D:5      | Reached skill level 8 in Unarmed Combat
  5776 | D:6      | Found Ruasanemm's Book Boutique.
  5781 | D:6      | Found Ikifre's General Store.
  5806 | D:6      | Reached skill level 9 in Unarmed Combat
  5810 | D:6      | Found an opulent altar of Gozag.
  5951 | D:6      | Found Peirchar's Antique Armour Shop.
  5982 | D:6      | Found a staircase to the Ecumenical Temple.
  6022 | Temple   | Entered the Ecumenical Temple
  6102 | D:6      | Killed from afar by an acid dragon

Illustrated notes

Levels and vault maps discovered:
D:1:      dpeg_arrival_arbitrary_c, layout_rooms,
          shapermc_ecumenical_altar_acropolis
D:2:      layout_basic, uniq_terence, uniq_robin
D:3:      layout_loops_ring, nicolae_overflow_crystal_walls, serial_shops, shop,
          saegor_snake_ambush
D:4:      layout_layer_cave, mainiacjoe_overflow_six_doors_small,
          trog_three_pillars_becter, mainiacjoe_overflow_surrounded_room,
          nicolae_wu_jian_wuxing_cycle
D:5:      layout_layer_cave, evilmike_ruin_ashenzari,
          kennysheep_cross_bottleneck, minmay_joined_circles, uniq_blork_the_orc
D:6:      kennysheep_big_flooded_room, layout_loops_corners,
          mainiacjoe_overflow_alcove_1, nicolae_tso_swordbearing_angel,
          minmay_temple_entry_slanted, serial_shops, shop, shop,
          nicolae_square_shop, nicolae_diamond_shop, shop
Temple:   nicolae_temple_ecumenical_triangle

Skill      XL: |  1  2  3  4  5  6  7  8 |
---------------+-------------------------+-----
Armour         | 1 2 3 5 6 |  6.6
Fighting       | 4 5 6 7 |  7.8
Dodging        | 4 |  4.0
Unarmed Combat | 4 5 6 7 9 |  9.4

Action                     |  1- 3 |  4- 6 |  7- 9 || total
---------------------------+-------+-------+-------++-------
  Melee: Unarmed           |    75 |   161 |   134 ||   370
         Headbutt          |    15 |    25 |    34 ||    74
  Evoke: Wand              |       |       |     1 ||     1
    Use: Potion            |     2 |       |     6 ||     8
         Scroll            |       |     5 |     6 ||    11
 Armour: Robe              |    21 |       |       ||    21
         Chain mail        |     5 |    76 |    72 ||   153
  Dodge: Dodged            |    52 |    59 |    44 ||   155
